 Dungeon Crawl Stone Soup version 0.21.1-1-g345015f (webtiles) character file.

1117 wojtek the Destroyer (level 8, -2/41 HPs)
             Began as a Kobold Conjurer on May 20, 2018.
             Shot with an arrow by a centaur (7 damage)
             ... on level 6 of the Dungeon.
             The game lasted 00:10:27 (6242 turns).

wojtek the Destroyer (Kobold Conjurer)              Turns: 6242, Time: 00:10:28

Health: -2/41      AC:  3    Str:  5    XL:     8   Next: 60%
Magic:  3/11       EV: 15    Int: 19    God:
Gold:   310        SH:  0    Dex: 15    Spells: 6/11 levels left

rFire    . . .     SeeInvis .   x - +5 dagger "Brush" {pierce, rPois}
rCold    . . .     Gourm    .   (shield restricted)
rNeg     . . .     Faith    .   p - +0 robe (curse)
rPois    +         Spirit   .   k - -2 helmet (curse)
rElec    .         Reflect  .   s - +0 cloak
rCorr    .         Harm     .   u - +0 pair of gloves
MR       .....                  (no boots)
Stlth    ++........             j - amulet of magic regeneration
HPRegen  0.13/turn              (no ring)
MPRegen  0.37/turn              (no ring)

@: no status effects
A: small, carnivore
a: no special abilities


You were on level 6 of the Dungeon.
You were very full.

You visited 1 branch of the dungeon, and saw 6 of its levels.

You collected 310 gold pieces.

Inventory:

Hand Weapons
 e - a +0 hand axe
 n - a +0 long sword
 q - a cursed -2 hand axe
 x - the +5 dagger "Brush" (weapon) {pierce, rPois}
   (You found it on level 5 of the Dungeon)

   It inflicts extra damage upon your enemies.
   It protects you from poison.
Armour
 k - a cursed -2 helmet (worn)
 p - a cursed +0 robe (worn)
 s - a +0 cloak (worn)
 u - a +0 pair of gloves (worn)
Jewellery
 j - an amulet of magic regeneration (around neck)
Scrolls
 a - 2 scrolls of random uselessness {unknown}
 f - 2 scrolls of fear {unknown}
 g - 2 scrolls of identify {unknown}
 h - 4 scrolls of remove curse {unknown}
 i - a scroll of enchant weapon {unknown}
 v - a scroll of magic mapping {unknown}
 w - a scroll of fog {unknown}
Potions
 d - a potion of curing {unknown}
 l - 4 potions of degeneration {unknown}
 m - a potion of flight {unknown}
 o - 2 potions of heal wounds {unknown}
 r - 3 potions of brilliance {unknown}
 t - a potion of mutation {unknown}
Books
 b - a book of Conjurations

   Spells                             Type                      Level
   a - Magic Dart                     Conjuration                  1
   b - Searing Ray                    Conjuration                  2
   c - Dazzling Spray                 Conjuration/Hexes            3
   d - Fulminant Prism                Conjuration/Hexes            4
   e - Force Lance                    Conjuration/Translocation    4
   f - Iskenderun's Mystic Blast      Conjuration                  4
 y - the Catalogue of Reason
   (You found it on level 5 of the Dungeon)

   Spells                             Type                      Level
   a - Freeze                         Ice                          1
   b - Passwall                       Transmutation/Earth          2
   c - Irradiate                      Conjuration/Transmutation    5
   d - Simulacrum                     Ice/Necromancy               6
   e - Hydra Form                     Transmutation                6
Comestibles
 c - 11 rations


   Skills:
 - Level 2.4 Dodging
 - Level 2.6 Stealth
 - Level 2.1 Spellcasting
 + Level 10.2 Conjurations
 * Level 1.6 Translocations


You had 6 spell levels left.
You knew the following spells:

 Your Spells              Type           Power        Failure   Level  Hunger
a - Magic Dart            Conj           ####         1%          1    #......
b - Force Lance           Conj/Tloc      ###.....     14%         4    #####..


Dungeon Overview and Level Annotations

Branches:
Dungeon (6/15)
 Temple: D:4-7

Altars:
Elyvilon
Fedhas
Nemelex Xobeh
Qazlal
Uskayaw
Yredelemnul
The Shining One

Shops:
D:4 %   D:6 (


Innate Abilities, Weirdness & Mutations

You are small and have problems with some larger weapons.
You are carnivorous and can eat meat at any time.


Message History

Confirm with . or Enter, or press ? or * to list all spells.
You don't have enough magic to cast that spell.
No previous command to re-do.
You hit the hound.
You kill the hound!
A centaur comes into view.
The centaur wields a shortbow.
The centaur shoots an arrow.
The arrow hits you!
You see here an arrow.
The centaur shoots an arrow.
The arrow hits you.
The centaur shoots an arrow.
The arrow hits you.
You see here 2 arrows.
The centaur shoots an arrow.
The arrow hits you!
* * * LOW HITPOINT WARNING * * *
You see here an arrow.
The centaur shoots an arrow.
The arrow barely misses you.
A hound comes into view.
The hound barks!
The centaur shoots an arrow.
The arrow barely misses you.
The centaur shoots an arrow.
The arrow hits you!
You die...

####.### #.#
#.# #.# #.# #.#
#.# #.# ##.##
#.# ###
##...#####.#
...
#........#(# ..
#....###(#.##.#
#.#.## #.(#@..#
#.#.#
#.#.#.h###
#.#.#
##.#..c....
#...#
#..(....#....
......∩.....#
##.
..###......##
....#.#[#
#####....#
#.#.#


You could see a centaur and a hound.

Vanquished Creatures
  An ice beast (D:5)
  A sky beast (D:5)
  4 ogres
  A centaur (D:5)
  A scorpion (D:3)
  A howler monkey (D:5)
  2 crimson imps
  2 hounds (D:6)
  A centaur skeleton (D:3)
  3 worker ants (D:4)
  A hound skeleton (D:4)
  3 gnolls
  5 adders
  A shadow imp (D:5)
  An ooze (D:1)
  An adder zombie (D:5)
  A worm (D:2)
  2 dart slugs
  A leopard gecko (D:3)
  10 orcs
  2 giant cockroaches
  10 hobgoblins
  6 jackals
  5 kobolds
  4 quokkas
  3 ball pythons
  4 bats
  10 frilled lizards
  10 goblins
  2 jackal skeletons
  15 rats
114 creatures vanquished.

Notes
Turn   | Place    | Note
-------+----------+-------------------------------------------
     0 | D:1      | wojtek the Kobold Conjurer began the quest for the Orb.
     0 | D:1      | Reached XP level 1. HP: 10/10 MP: 3/3
   222 | D:1      | Reached XP level 2. HP: 15/15 MP: 3/5
   671 | D:1      | Reached XP level 3. HP: 19/19 MP: 2/6
  1005 | D:1      | Reached skill level 5 in Conjurations
  1438 | D:2      | Reached XP level 4. HP: 24/24 MP: 4/7
  1499 | D:2      | Found a basalt altar of Yredelemnul.
  1591 | D:2      | Found a white marble altar of Elyvilon.
  2075 | D:2      | Reached XP level 5. HP: 28/28 MP: 4/8
  2220 | D:2      | Reached skill level 6 in Conjurations
  3834 | D:3      | Found a hide-covered altar of Uskayaw.
  3958 | D:4      | Reached XP level 6. HP: 32/32 MP: 4/9
  4033 | D:3      | Reached skill level 7 in Conjurations
  4548 | D:4      | Noticed an ogre
  4584 | D:4      | Found Apezuorch's Food Shop.
  4713 | D:4      | Noticed an ogre
  4719 | D:4      | Killed an ogre
  4719 | D:4      | Reached skill level 8 in Conjurations
  4719 | D:4      | Reached XP level 7. HP: 22/36 MP: 5/10
  4966 | D:5      | Entered Level 5 of the Dungeon
  5013 | D:5      | Found a sparkling altar of Nemelex Xobeh.
  5041 | D:5      | Reached skill level 9 in Conjurations
  5242 | D:5      | Found a blossoming altar of Fedhas.
  5264 | D:5      | Reached XP level 8. HP: 41/41 MP: 6/11
  5281 | D:5      | Got a fine dagger
  5282 | D:5      | Identified the +5 dagger "Brush" {pierce, rPois} (You found it on level 5 of the Dungeon)
  5452 | D:5      | Reached skill level 10 in Conjurations
  5627 | D:5      | Learned a level 4 spell: Force Lance
  5677 | D:5      | Identified the Catalogue of Reason
  6058 | D:6      | Found a glowing golden altar of the Shining One.
  6058 | D:6      | Found a stormy altar of Qazlal.
  6213 | D:6      | Found Ischanon's Weapon Shoppe.
  6228 | D:6      | Reached skill level 1 in Translocations
  6242 | D:6      | Shot with an arrow by a centaur

Skill      XL: |  1  2  3  4  5  6  7  8 |
---------------+-------------------------+-----
Conjurations   | 5 6 8 9 10 | 10.2
Translocations | 1 |  1.6
Dodging        | |  2.4
Stealth        | |  2.6
Spellcasting   | |  2.1

Action                   |  1- 3 |  4- 6 |  7- 9 || total
-------------------------+-------+-------+-------++-------
Melee: Hand axe          |    17 |    17 |       ||    34
       Dagger            |       |       |     1 ||     1
 Cast: Magic Dart        |    60 |   171 |   100 ||   331
       Force Lance       |       |       |     2 ||     2
  Eat: Chunk             |    11 |    12 |     4 ||    27
Armor: Robe              |     3 |     6 |     7 ||    16
Dodge: Dodged            |    23 |    63 |    31 ||   117
